 Dungeon Crawl Stone Soup version 0.14.0-20-g75a2fc2 (webtiles) character file.

322425 MDvedh the Impregnable (level 21, -24/148 HPs)
             Began as a Tengu Fighter on Apr 21, 2014.
             Was the Champion of Okawaru.
             Killed from afar by a lich (85 damage)
             ... with a crystal spear
             ... on Level 4 of the Vaults.
             The game lasted 02:21:44 (64431 turns).

MDvedh the Impregnable (Tengu Fighter)             Turns: 64431, Time: 02:21:45

HP -24/148       AC 32     Str 27      XL: 21   Next: 51%
MP  32/32        EV 11     Int 13      God: Okawaru [******]
Gold 1609        SH 29     Dex 18      Spells:  0 memorised, 20 levels left

rFire  + + .     SeeInvis .     w - +9,+5 demon whip (elec)
rCold  + . .     Clarity  .     r - +5 plate armour {rPois}
rNeg   . . .     Conserve .     K - +0 shield {reflect}
rPois  +         rCorr    .     j - +2 hat
rElec  +         rRot     .     I - +0 cloak "Platzuk" {rElec Str+4}
SustAb . .       Spirit   .     D - +2 pair of gloves {Dex+3}
rMut   .         Warding  .     (boots unavailable)
Saprov . . .     Stasis   .     h - amulet "Neq Ajis" {Faith rF+ MR++}
MR     ++++.                    Q - +3 ring of evasion
                                W - ring "Jaaj" {rF+ rC+ MR+ Int+2}

@: heavily drained, incredibly resistant to hostile enchantments, extremely
unstealthy
A: able to fly continuously, antennae 1, beak, talons 3, herbivore 1, wild magic
1
a: Fly, Heroism, Finesse, Renounce Religion
}: 2/15 runes: decaying, gossamer


You were on level 4 of the Vaults.
You worshipped Okawaru.
Okawaru was exalted by your worship.
You were not hungry.

You visited 6 branches of the dungeon, and saw 41 of its levels.
You also visited: Labyrinth and Sewer.

You collected 4173 gold pieces.
You spent 2564 gold pieces at shops.

Inventory:

Hand weapons
 w - a +9,+5 demon whip of electrocution (weapon)
Armour
 j - a +2 hat (worn)
 r - a +5 plate armour of poison resistance (worn)
 z - the +1 pair of gloves "Burogeof" {rF+}
   (Okawaru gifted it to you on level 3 of the Vaults)

   It protects you from fire.
 D - a +2 pair of gloves of dexterity (worn)
 I - the +0 cloak "Platzuk" (worn) {rElec Str+4}
   (You acquired it on level 2 of the Spider Nest)

   It affects your strength (+4).
   It insulates you from electricity.
 K - a +0 shield of reflection (worn)
Magical devices
 b - a wand of teleportation (5)
 f - a wand of hasting (5)
 g - a wand of digging (7)
 s - a wand of teleportation (5)
 L - a wand of digging (15)
Comestibles
 d - 19 bread rations
 x - 2 chokos
 E - 2 meat rations
 H - 3 rotting chunks of deep troll flesh
Scrolls
 c - 2 scrolls of recharging
 k - 7 scrolls of teleportation
 l - a scroll of vulnerability
 m - 6 scrolls of amnesia
 o - 6 scrolls of remove curse
 p - a scroll of holy word
 u - 4 scrolls of fog
 y - a scroll of silence
 B - 2 scrolls of fear
 C - 2 scrolls of blinking
 G - 4 scrolls of enchant weapon I
 J - 3 scrolls of identify
 N - 2 scrolls of magic mapping
Jewellery
 e - an uncursed ring of protection from fire
 h - the amulet "Neq Ajis" (around neck) {Faith rF+ MR++}
   (You found it on level 6 of the Lair of Beasts)

   [amulet of faith]

   It protects you from fire.
   It affects your resistance to hostile enchantments.
 n - an uncursed amulet of stasis
 t - an uncursed ring of see invisible
 Q - a +3 ring of evasion (right hand)
 S - an uncursed ring of protection from cold
 W - the ring "Jaaj" (left hand) {rF+ rC+ MR+ Int+2}
   (You found it on level 2 of the Spider Nest)

   [ring of protection from fire]

   It affects your intelligence (+2).
   It protects you from cold.
   It affects your resistance to hostile enchantments.
Potions
 a - a potion of berserk rage
 i - 16 potions of curing
 q - 4 potions of haste
 v - a potion of magic
 A - 3 potions of restore abilities
 M - 5 potions of might
 O - 2 potions of resistance
 P - a potion of invisibility
 R - 4 potions of agility
 U - a potion of brilliance


   Skills:
 - Level 21.0(19.0) Fighting
 + Level 14.9(13.1) Maces & Flails
 - Level 22.3(20.3) Armour
 - Level 15.0(13.2) Shields
 - Level 7.8(6.3) Invocations


You had 20 spell levels left.
You didn't know any spells.

Dungeon Overview and Level Annotations

Branches:
Dungeon (15/15)            Temple (0/1) D:7             Orc (4/4) D:9
    Elf (0/3) Orc:4          Lair (8/8) D:10          Swamp (5/5) Lair:4
 Spider (5/5) Lair:5        Slime (0/6) Lair:7       Vaults (4/5) D:14
  Blade (0/1) Vaults:3      Crypt (0/5) Vaults:2     Depths (0/5) D:15

Altars:
Ashenzari
Cheibriados
Dithmenos
Makhleb
Nemelex Xobeh
Okawaru
Trog
The Shining One
Beogh

Shops:
D:8 }   D:10 *   D:12 %   D:13 ?   Orc:2 :   Orc:4 %?(=(   Vaults:1 !*}(
Vaults:4 (

Annotations:
Lair:5 exclusion: oklob plant
Lair:7 exclusion: 4 oklob plants
Lair:8 4 exclusions
Swamp:4 exclusion: Roxanne, Roxanne


Innate Abilities, Weirdness & Mutations

You can fly continuously.
You have a beak for a mouth.
You have claws for feet.
You have a pair of small antennae on your head.
You digest meat inefficiently.
Your spells are a little harder to cast, but a little more powerful.


Message History

You block the lich's attack.
Drink which item? (? for menu, Esc to quit)
You feel much better.
The lich gestures wildly while chanting.
The lich flickers and vanishes!
Deactivating autopickup; reactivate with Ctrl-A.
Unknown command.
You hit something but do no damage. You claw something.
Your peck misses something. You hit something but do no damage.
You claw something.
Something touches you but does no damage.
You whack something!
There is a sudden explosion of sparks!
You claw something! You thrash something!! You claw something.
Something touches you but does no damage.
You completely miss something. You peck something. You whack something!
You claw something.
You hear some strange, mumbled words.
The crystal spear hits you!
Ouch! That really hurt!
You die...

#.......# #.......#
######)### #.....).#
###########...#...#
..........#[......#
..........).#.>.#.#######
.......?...#.......#(#.#..
.......).@.#...#..(##.#.#.
####''####{#.......'.#.#.#
#... ..##########)#.#. #
..# #.#)#.# #..# #..#)#.
#..# #.#.#.# #..# ##.#.#.
..# #.#.#.# . ##.#.#.


There were no monsters in sight!

Vanquished Creatures
  Saint Roka (Swamp:5)
  Arachne (Spider:2)
  Asterion (Swamp:3)
  2 sphinxes
  4 thorn hunters
  Kirke (D:15)
  Donald (Orc:3)
  A frost giant (Vaults:3)
  A deep elf sorcerer (Vaults:4)
  11 vault wardens
  Aizul (Swamp:4)
  2 ghost moths
  Gastronok (Lair:1)
  3 emperor scorpions
  A war gargoyle (Vaults:3)
  8 stone giants
  Azrael (Spider:1)
  2 ettins
  2 dire elephants (Lair:8)
  2 crystal guardians
  A great orb of eyes (Vaults:3)
  14 vault guards
  10 yaktaur captains
  12 ogre magi
  A minotaur (Lab)
  28 hydras
  2 ice dragons
  13 ironheart preservers
  Nessos (D:15)
  A rakshasa (D:15)
  4 dancing weapons (Vaults:3)
  4 deep troll shamans
  A shambling mangrove (Swamp:5)
  Erica (D:10)
  4 death yaks
  A deep troll earth mage (Vaults:2)
  14 alligators
  2 deep dwarf death knights (Vaults:2)
  The ghost of Duskembrace the Spry, a powerful SpAs of Okawaru (Orc:4)
  A vampire mage (D:15)
  5 orc high priests (Orc:4)
  9 centaur warriors
  Nergalle (Orc:4)
  An unseen horror (shapeshifter) (Vaults:1)
  2 iron trolls
  A shadow wraith (Vaults:3)
  A fire crab (shapeshifter) (Vaults:1)
  2 skeletal warriors (D:15)
  2 very ugly things (Vaults:3)
  19 orb spiders
  4 deep elf knights
  A giant orange brain (Vaults:2)
  An orb spider (shapeshifter) (Vaults:1)
  A fire crab (Vaults:2)
  3 spriggan druids
  5 unseen horrors
  A flayed ghost (D:14)
  A deep elf summoner (Vaults:1)
  8 swamp dragons
  16 ironbrand convokers
  8 hill giants
  A water nymph (shapeshifter) (Vaults:1)
  13 deep trolls
  A flaming corpse (D:13)
  10 orc knights
  2 necromancers
  12 red wasps
  8 harpies
  2 orc sorcerers
  2 wizards
  4 deep elf conjurers
  5 cyclopes
  A manticore (D:15)
  A frost giant zombie (D:15)
  A moth of wrath (Spider:5)
  15 vault sentinels
  36 wolf spiders
  5 griffons
  12 elephants
  A guardian serpent (shapeshifter) (Vaults:4)
  An orange demon (Lair:8)
  A feature mimic (D:14)
  An item mimic (D:12)
  The ghost of Dodo the Covert, an experienced VSAs of Dithmenos (D:6)
  5 black mambas
  A vapour (Swamp:5)
  Psyche (Orc:2)
  17 spiny frogs
  44 yaktaurs
  6 kobold demonologists
  4 fire drakes
  2 tengu conjurers (D:14)
  A hellwing (Lair:8)
  3 giant fireflies
  4 deep elf priests
  20 demonic crawlers
  A fire vortex (D:13)
  5 freezing wraiths
  A troll (shapeshifter) (Vaults:4)
  7 trolls
  Sonja (D:13)
  8 boggarts (Vaults:1)
  A polar bear (shapeshifter) (Vaults:2)
  30 jumping spiders
  6 komodo dragons
  10 baby alligators
  Prince Ribbit (Lair:1)
  21 two-headed ogres
  7 boulder beetles
  7 giant leeches
  An ettin zombie (D:15)
  11 ravens
  7 bog bodies
  15 blink frogs
  30 slime creatures
  3 thorn lotuses
  2 shadows
  A brown ooze (shapeshifter) (Vaults:2)
  22 trapdoor spiders
  5 basilisks
  8 sharks
  A trapdoor spider (shapeshifter) (Vaults:3)
  54 redbacks
  A griffon skeleton (D:11)
  6 spriggans
  A tarantella (shapeshifter) (Vaults:3)
  4 hogs (D:15)
  6 wraiths
  7 deep elf magi
  An elephant slug (Lair:7)
  A wyvern (D:9)
  2 wandering mushrooms
  4 fire bats (D:13)
  A yak (shapeshifter) (D:13)
  39 yaks
  18 ugly things
  A necrophage (D:6)
  20 tarantellas
  A steam dragon (D:9)
  3 fire elementals (Spider:1)
  A hippogriff (shapeshifter) (Vaults:3)
  12 hippogriffs
  29 vampire mosquitoes
  6 wolves (Lair:8)
  2 mottled dragons
  19 swamp worms
  21 water moccasins
  4 wargs
  14 deep elf fighters
  8 porcupines
  6 hell hounds
  3 giant goldfish
  56 orc warriors
  5 ice beasts
  33 spiders
  A black bear (D:10)
  12 sky beasts
  15 swamp drakes
  An ogre (shapeshifter) (Vaults:1)
  7 yellow wasps
  55 ogres
  12 crocodiles
  13 centaurs
  A lava worm (Lair:8)
  6 big kobolds
  17 giant slugs
  22 giant frogs
  A gnoll sergeant (D:6)
  A yaktaur zombie (D:15)
  A brain worm (D:15)
  2 insubstantial wisps (D:9)
  A troll zombie (D:15)
  A yak zombie (D:8)
  8 scorpions
  16 wights
  A yak skeleton (D:8)
  A shapeshifter zombie (D:15)
  11 killer bees
  4 electric eels
  A boring beetle zombie (D:15)
  3 lava snakes
  13 hounds
  4 crimson imps
  A centaur zombie (D:8)
  55 orc priests
  2 quasits
  3 goliath beetles
  3 big fish
  A kobold zombie (D:13)
  3 jellies (D:8)
  13 iguanas
  A giant frog skeleton (D:9)
  An iron imp (Vaults:3)
  26 orc wizards
  A basilisk skeleton (D:15)
  An orange rat (Sewer)
  2 worker ants
  15 sheep
  A mottled dragon zombie (D:12)
  A sky beast zombie (D:9)
  2 mummies
  15 gnolls
  17 green rats
  39 adders
  6 giant mites
  4 shadow imps
  12 white imps (Swamp:3)
  8 worms
  An iguana zombie (D:8)
  An iguana skeleton (D:10)
  A giant eyeball (D:13)
  183 orcs
  A ball python (Sewer)
  15 bats
  A bat zombie (D:8)
  23 hobgoblins
  32 jackals
  9 quokkas
  5 giant cockroaches
  9 giant geckos
  12 giant newts
  11 goblins
  2 goblin skeletons
  A hobgoblin skeleton (D:5)
  26 kobolds
  35 rats
  A spectral orc (Orc:4)
  4 ballistomycetes
  2 briar patches (Swamp:5)
  A fungus (Lair:8)
  A plant (Lair:8)
1941 creatures vanquished.

Vanquished Creatures (others)
  A tengu reaver (Vaults:4)
  3 orb spiders (Spider:5)
  2 fire vortices (D:13)
  A human (D:15)
  An orc warrior (Swamp:5)
  An ogre (Vaults:3)
  A centaur (D:11)
  2 giant spores
  A kobold (D:11)
  A fungus (Swamp:5)
  2 plants
16 creatures vanquished.

Grand Total: 1957 creatures vanquished

Notes
Turn   | Place    | Note
--------------------------------------------------------------
     0 | D:1      | MDvedh, the Tengu Fighter, began the quest for the Orb.
     0 | D:1      | Reached XP level 1. HP: 14/14 MP: 1/1
    24 | D:1      | Reached XP level 2. HP: 19/19 MP: 3/3
   503 | D:1      | Reached XP level 3. HP: 23/23 MP: 4/4
   564 | D:2      | Reached skill level 4 in Maces & Flails
   906 | D:2      | Reached XP level 4. HP: 28/28 MP: 5/5
  1277 | D:2      | Reached skill level 5 in Maces & Flails
  1772 | D:3      | Reached XP level 5. HP: 25/32 MP: 7/7
  1953 | D:3      | Found a glowing drain.
  1992 | Sewer    | Entered a sewer
  2213 | Sewer    | Reached skill level 6 in Maces & Flails
  2894 | D:3      | Reached XP level 6. HP: 37/37 MP: 8/8
  3561 | D:4      | Reached skill level 7 in Maces & Flails
  3721 | D:5      | Entered Level 5 of the Dungeon
  3843 | D:5      | Found a burning altar of Makhleb.
  4785 | D:5      | Reached skill level 8 in Maces & Flails
  4785 | D:5      | Reached XP level 7. HP: 41/41 MP: 9/9
  4978 | D:5      | Found a shadowy altar of Dithmenos.
  4980 | D:5      | Found an iron altar of Okawaru.
  4980 | D:5      | Found a bloodstained altar of Trog.
  4990 | D:5      | Found a burning altar of Makhleb.
  4994 | D:5      | Found a snail-covered altar of Cheibriados.
  5009 | D:5      | Became a worshipper of Warmaster Okawaru
  5427 | D:6      | Found a sparkling altar of Nemelex Xobeh.
  5980 | D:6      | Reached skill level 9 in Maces & Flails
  5995 | D:6      | Reached XP level 8. HP: 24/46 MP: 11/11
  6163 | D:6      | Reached skill level 10 in Maces & Flails
  6633 | D:7      | Found a staircase to the Ecumenical Temple.
  6782 | D:7      | Acquired Okawaru's first power
  7179 | D:6      | Noticed Dodo's ghost (experienced VSAs)
  7188 | D:6      | Killed Dodo's ghost
  7188 | D:6      | Reached skill level 11 in Maces & Flails
  7485 | D:7      | Found a shattered altar of Ashenzari.
  7554 | D:7      | Reached skill level 12 in Maces & Flails
  7554 | D:7      | Reached XP level 9. HP: 50/50 MP: 9/12
  7813 | D:8      | Reached skill level 5 in Armour
  7931 | D:8      | Found Weaqik's Gadget Boutique.
  8148 | D:8      | Found an iron altar of Okawaru.
  8998 | D:9      | Reached XP level 10. HP: 14/56 MP: 10/13
  9013 | D:9      | Reached skill level 10 in Armour
 10086 | D:9      | Gained mutation: You have a slow metabolism. [mutagenic meat]
 10087 | D:9      | Gained mutation: You are dopey. (Int -2) [mutagenic meat]
 10088 | D:9      | Gained mutation: You have a pair of small antennae on your head. [mutagenic meat]
 10101 | D:9      | Found a staircase to the Orcish Mines.
 10157 | D:10     | Entered Level 10 of the Dungeon
 10380 | D:10     | Reached skill level 5 in Fighting
 10407 | D:10     | Noticed Erica
 10418 | D:10     | Killed Erica
 10901 | D:10     | Found a staircase to the Lair.
 10916 | D:10     | Found Ytiuloth's Assorted Antiques.
 11344 | D:10     | Bought an orange potion for 30 gold pieces
 11344 | D:10     | Bought an opal ring for 170 gold pieces
 11556 | D:10     | Reached XP level 11. HP: 61/67 MP: 15/15
 11987 | D:10     | Gained mutation: Your muscles are strong. (Str +2) [mutagenic meat]
 11988 | D:10     | Gained mutation: Space occasionally distorts in your vicinity. [mutagenic meat]
 12052 | D:10     | Paralysed by a potion of paralysis for 2 turns
 12234 | D:10     | Gained mutation: Your spells are a little harder to cast, but a little more powerful. [potion of mutation]
 12234 | D:10     | Gained mutation: Your vision is a little blurry. [potion of mutation]
 12262 | D:10     | Acquired Okawaru's second power
 12528 | Lair:1   | Entered Level 1 of the Lair of Beasts
 12529 | Lair:1   | Found a labyrinth entrance.
 12553 | Lab      | Entered a labyrinth
 12641 | Lab      | Noticed an unseen horror
 12652 | Lab      | Killed an unseen horror
 12652 | Lab      | Reached skill level 1 in Invocations
 12663 | Lab      | Noticed a minotaur
 12674 | Lab      | Killed a minotaur
 12697 | Lab      | Identified the Guide on the Compass
 12698 | Lab      | Got a steaming quarterstaff
 12698 | Lab      | Got a jewelled swamp dragon armour
 12744 | Lair:1   | Identified the +2 swamp dragon armour of Mumblety Peg {rPois Str-3 Int-2} (You found it in a labyrinth)
 12932 | Lair:1   | Noticed Gastronok
 12949 | Lair:1   | Killed Gastronok
 12949 | Lair:1   | Received a gift from Okawaru
 12949 | Lair:1   | Reached skill level 10 in Fighting
 13322 | Lair:1   | Noticed Prince Ribbit
 13328 | Lair:1   | Killed Prince Ribbit
 13475 | Lair:1   | Reached skill level 5 in Invocations
 13866 | Lair:2   | Received a gift from Okawaru
 13886 | Lair:2   | Reached XP level 12. HP: 75/79 MP: 21/22
 14015 | Lair:2   | Got a jewelled morningstar
 14016 | Lair:2   | Identified the +11,+4 morningstar of Uvvew {holy, Contam rF++ rN+ MR++ Dex+2 Int+2} (You found it on level 2 of the Lair of Beasts)
 14106 | Lair:2   | Gained mutation: You digest meat inefficiently. [mutagenic glow]
 14246 | Lair:2   | Reached XP level 13. HP: 83/86 MP: 23/26
 15269 | Lair:2   | Reached skill level 5 in Shields
 16868 | Lair:4   | Found a staircase to the Swamp.
 18239 | Lair:5   | Found a hole to the Spider Nest.
 18496 | Lair:6   | Reached skill level 10 in Shields
 18660 | Lair:6   | Received a gift from Okawaru
 18969 | Lair:6   | Got a glittering crystal amulet
 19028 | Lair:6   | Reached XP level 14. HP: 74/92 MP: 27/27
 19897 | Lair:7   | Identified the amulet "Neq Ajis" {Faith rF+ MR++} (You found it on level 6 of the Lair of Beasts)
 19898 | Lair:7   | Lost mutation: Your vision is a little blurry. [potion of cure mutation]
 19898 | Lair:7   | Lost mutation: You are dopey. (Int -2) [potion of cure mutation]
 19898 | Lair:7   | Lost mutation: Your muscles are strong. (Str +2) [potion of cure mutation]
 19898 | Lair:7   | Lost mutation: You have a slow metabolism. [potion of cure mutation]
 19898 | Lair:7   | Lost mutation: Space occasionally distorts in your vicinity. [potion of cure mutation]
 20023 | Lair:7   | Found a staircase to the Slime Pits.
 20413 | Lair:7   | Found a glowing golden altar of the Shining One.
 21031 | Lair:8   | Entered Level 8 of the Lair of Beasts
 21183 | Lair:8   | Reached skill level 13 in Shields
 21189 | Lair:8   | Received a gift from Okawaru
 21190 | Lair:8   | Got an encrusted flail {god gift}
 21191 | Lair:8   | Identified the +8,+5 flail "Killer Bee's Doom" {drain, MR+ Str+2 SInv Stlth++} (Okawaru gifted it to you on level 8 of the Lair of Beasts)
 23030 | Lair:8   | Reached skill level 14 in Shields
 23133 | Lair:8   | Found a burning altar of Makhleb.
 23622 | Orc:1    | Entered Level 1 of the Orcish Mines
 23908 | Orc:2    | Found Trya's Book Shoppe.
 24759 | Orc:2    | Noticed Psyche
 24767 | Orc:2    | Killed Psyche
 24846 | Orc:2    | Found a roughly hewn altar of Beogh.
 25130 | Orc:3    | Noticed Donald
 25168 | Orc:3    | Killed Donald
 25859 | Orc:4    | Entered Level 4 of the Orcish Mines
 26350 | Orc:4    | Found a staircase to the Elven Halls.
 26425 | Orc:4    | Noticed Duskembrace's ghost (powerful SpAs)
 26448 | Orc:4    | Killed Duskembrace's ghost
 26651 | Orc:4    | Noticed Nergalle
 26675 | Orc:4    | Killed Nergalle
 26675 | Orc:4    | Reached skill level 15 in Shields
 27059 | Orc:4    | Found Etak's Weapon Shoppe.
 28018 | Orc:4    | Reached XP level 15. HP: 79/97 MP: 26/28
 29274 | Orc:4    | Found Uwo Frir's Magic Scroll Shoppe.
 29274 | Orc:4    | Found Alomap's Food Emporium.
 29274 | Orc:4    | Found Biulol's Jewellery Emporium.
 29274 | Orc:4    | Found Tafoetov's Antique Weapon Emporium.
 29282 | Orc:4    | Bought an uncursed ring of poison resistance for 320 gold pieces
 29290 | Orc:4    | Bought a scroll of identify for 26 gold pieces
 29290 | Orc:4    | Bought a scroll of vulnerability for 97 gold pieces
 29290 | Orc:4    | Bought a scroll of identify for 26 gold pieces
 29290 | Orc:4    | Bought a scroll of remove curse for 39 gold pieces
 29290 | Orc:4    | Bought a scroll of fog for 26 gold pieces
 29290 | Orc:4    | Bought a scroll of identify for 26 gold pieces
 29331 | Orc:4    | Received a gift from Okawaru
 29935 | D:11     | Identified a scroll of acquirement
 31237 | D:12     | Found Phautau's Food Emporium.
 32107 | D:13     | Noticed Sonja
 32122 | D:13     | Killed Sonja
 32289 | D:13     | Noticed a sphinx
 32625 | D:13     | Killed a sphinx
 32625 | D:13     | Reached skill level 15 in Fighting
 33050 | D:13     | Received a gift from Okawaru
 33098 | D:13     | Found Qotuov's Magic Scroll Emporium.
 33107 | D:13     | Bought a scroll of enchant weapon II for 82 gold pieces
 33107 | D:13     | Bought a scroll of enchant armour for 112 gold pieces
 33107 | D:13     | Bought a scroll of identify for 30 gold pieces
 33107 | D:13     | Bought a scroll of teleportation for 45 gold pieces
 33107 | D:13     | Bought a scroll of teleportation for 45 gold pieces
 33107 | D:13     | Bought a scroll of enchant weapon III for 300 gold pieces
 34561 | D:14     | Reached skill level 16 in Fighting
 34572 | D:14     | Reached XP level 16. HP: 90/110 MP: 29/29
 34648 | D:14     | Found a gate to the Vaults.
 34937 | D:15     | Entered Level 15 of the Dungeon
 34963 | D:15     | Found a staircase to the Depths.
 34988 | D:15     | Received a gift from Okawaru
 35091 | D:15     | Got a fine ring mail {god gift}
 35092 | D:15     | Identified the -2 ring mail of Vlad {Dex+3 Int+2 Dam+3} (Okawaru gifted it to you on level 15 of the Dungeon)
 35518 | D:15     | Noticed Kirke
 35526 | D:15     | Killed Kirke
 35655 | D:15     | Reached skill level 17 in Fighting
 36104 | D:15     | Noticed Nessos
 36137 | D:15     | Killed Nessos
 36257 | D:15     | Found a shadowy altar of Dithmenos.
 36907 | D:8      | Bought a wand of hasting (5) for 810 gold pieces
 37112 | Swamp:1  | Entered Level 1 of the Swamp
 37721 | Swamp:1  | Received a gift from Okawaru
 37733 | Swamp:1  | Got a jewelled cloak {god gift}
 37761 | Swamp:1  | Identified the +1 cloak "Paqoc" {Dex+1} (Okawaru gifted it to you on level 1 of the Swamp)
 37771 | Swamp:1  | Reached skill level 18 in Fighting
 38905 | Swamp:3  | Noticed Asterion
 38909 | Swamp:3  | Noticed a spectral weapon
 38923 | Swamp:3  | Noticed a spectral weapon
 39210 | Swamp:3  | Noticed a spectral weapon
 39237 | Swamp:3  | Noticed a thorn hunter
 39247 | Swamp:3  | Killed a thorn hunter
 39641 | Swamp:3  | Noticed a spectral weapon
 39665 | Swamp:3  | Killed Asterion
 39665 | Swamp:3  | Reached XP level 17. HP: 111/120 MP: 21/29
 39714 | Swamp:3  | Noticed a thorn hunter
 39726 | Swamp:3  | Killed a thorn hunter
 39726 | Swamp:3  | Reached skill level 19 in Fighting
 40473 | Swamp:4  | Received a gift from Okawaru
 41403 | Swamp:4  | Noticed Roxanne
 41948 | Swamp:5  | Entered Level 5 of the Swamp
 41965 | Swamp:5  | Noticed Saint Roka
 42220 | Swamp:4  | Reached skill level 20 in Fighting
 42726 | Swamp:5  | Noticed Aizul
 42851 | Swamp:4  | Killed Aizul
 43059 | Swamp:5  | Killed Saint Roka
 43059 | Swamp:5  | Received a gift from Okawaru
 43538 | Swamp:5  | Got a decaying rune of Zot
 43621 | Swamp:5  | Reached skill level 21 in Fighting
 43786 | Swamp:5  | Received a gift from Okawaru
 43907 | Swamp:5  | Reached XP level 18. HP: 47/132 MP: 30/30
 44470 | Spider:1 | Entered Level 1 of the Spider Nest
 45541 | Spider:1 | Noticed Azrael
 45551 | Spider:1 | Killed Azrael
 46314 | Spider:2 | Got a scintillating brass ring
 46317 | Spider:2 | Identified the ring "Jaaj" {rF+ rC+ MR+ Int+2} (You found it on level 2 of the Spider Nest)
 47024 | Spider:2 | Noticed Arachne
 47058 | Spider:2 | Killed Arachne
 47535 | Spider:2 | Got a heavily runed cloak
 47539 | Spider:2 | Identified the +0 cloak "Platzuk" {rElec Str+4} (You acquired it on level 2 of the Spider Nest)
 47573 | Spider:3 | Received a gift from Okawaru
 48996 | Spider:3 | Reached skill level 15 in Armour
 49975 | Spider:4 | Received a gift from Okawaru
 51039 | Spider:5 | Entered Level 5 of the Spider Nest
 52053 | Spider:5 | Reached XP level 19. HP: 137/137 MP: 31/31
 52150 | Spider:5 | Received a gift from Okawaru
 52979 | Spider:5 | Got a gossamer rune of Zot
 53663 | Vaults:1 | Entered Level 1 of the Vaults
 53888 | D:14     | Received a gift from Okawaru
 55666 | Vaults:1 | Received a gift from Okawaru
 55680 | Vaults:1 | Found Phaprah's Distillery.
 55689 | Vaults:1 | Bought a potion of curing for 24 gold pieces
 55689 | Vaults:1 | Bought a potion of resistance for 84 gold pieces
 55689 | Vaults:1 | Bought a potion of haste for 84 gold pieces
 55689 | Vaults:1 | Bought a potion of resistance for 84 gold pieces
 55689 | Vaults:1 | Bought 2 potions of might for 60 gold pieces
 55828 | Vaults:1 | Found Tric's Assorted Antiques.
 55828 | Vaults:1 | Found Utau's Weapon Shop.
 55838 | Vaults:1 | Bought an oily brown potion for 44 gold pieces
 55853 | Vaults:1 | Found Gaenaol's Gadget Shop.
 56214 | Vaults:1 | Received a gift from Okawaru
 57236 | Vaults:1 | Received a gift from Okawaru
 57945 | Vaults:2 | Reached XP level 20. HP: 107/144 MP: 32/32
 59005 | Vaults:2 | Found a staircase to the Crypt.
 59356 | Vaults:2 | Received a gift from Okawaru
 61176 | Vaults:3 | Received a gift from Okawaru
 61859 | Vaults:3 | Reached skill level 22 in Armour
 61970 | Vaults:3 | Found a staircase to the Hall of Blades.
 62301 | Vaults:3 | Received a gift from Okawaru
 62305 | Vaults:3 | Reached XP level 21. HP: 125/148 MP: 32/32
 62311 | Vaults:3 | Got a pair of fine gloves {god gift}
 62315 | Vaults:3 | Identified the +1 pair of gloves "Burogeof" {rF+} (Okawaru gifted it to you on level 3 of the Vaults)
 62608 | Vaults:3 | Got a fine cloak
 62612 | Vaults:3 | Identified the +0 cloak "Osue" {Dex-3 Int+3 Acc+5 Stlth++} (You acquired it on level 3 of the Vaults)
 62746 | Vaults:4 | Found Plocass' Antique Weapon Shoppe.
 64149 | Vaults:4 | Received a gift from Okawaru
 64431 | Vaults:4 | Killed from afar by a lich

Action                   |  1- 3 |  4- 6 |  7- 9 | 10-12 | 13-15 | 16-18 | 19-21 || total
-------------------------+-------+-------+-------+-------+-------+-------+-------++-------
Melee: Flail             |    71 |   178 |     3 |       |       |       |       ||   252
       Whip              |       |    23 |   313 |   489 |  1786 |       |       ||  2611
       Demon whip        |       |       |       |       |   579 |  1946 |  1829 ||  4354
Throw: Throwing net      |       |       |     1 |       |       |     5 |       ||     6
Invok: Heroism           |       |       |     9 |     7 |    43 |    11 |     4 ||    74
       Finesse           |       |       |       |     1 |    10 |     5 |     2 ||    18
 Abil: Fly               |       |     1 |       |       |     2 |     4 |       ||     7
       Stop Flying       |       |       |       |       |       |     5 |       ||     5
Evoke: Wand              |     1 |       |     4 |     1 |     5 |    13 |       ||    24
  Use: Scroll            |     1 |     9 |     6 |     9 |    27 |    15 |     5 ||    72
       Potion            |       |     1 |     6 |     7 |     8 |     3 |     2 ||    27
 Stab: Invisible         |       |       |       |     1 |       |     9 |       ||    10
       Held in net/web   |       |       |       |       |       |     1 |       ||     1
       Distracted        |       |       |       |       |       |       |     1 ||     1
